 Dungeon Crawl Stone Soup version bcrawl-1.21.2-20-g6d45ba5942 (webtiles) character file.

Game seed: 11944382922015667935

100 IcyTea the Conjurer (level 4, -1/33 HPs)
             Began as a Draconian Conjurer on Feb 28, 2020.
             Killed by nerve-wracking pain
             ... invoked by an orc priest
              (13 damage)
             ... on level 3 of the Dungeon.
             The game lasted 00:07:42 (3101 turns).

IcyTea the Conjurer (Draconian Conjurer)            Turns: 3101, Time: 00:07:43

Health: -1/33      AC:  6    Str: 10    XL:     4   Next: 46%
Magic:  0/7        EV: 12    Int: 16    God:
Gold:   135        SH:  0    Dex: 12    Spells: 4/7 levels left

rFire    . . .     SeeInvis .   q - +0 flail
rCold    . . .     Gourm    .   (no shield)
rNeg     . . .     Faith    .   (armour unavailable)
rPois    .         Spirit   .   (helmet restricted)
rElec    .         Reflect  .   (no cloak)
rCorr    .         Harm     .   o - +0 pair of gloves
MR       .....                  (no boots)
Stlth    ++........             (no amulet)
HPRegen  0.11/turn              (no ring)
MPRegen  0.10/turn              (no ring)

@: very slightly contaminated, invisible
A: unfitting armour, cold-blooded, AC +5
a: no special abilities


You were on level 3 of the Dungeon.
You were not hungry.

You visited 1 branch of the dungeon, and saw 3 of its levels.

You collected 135 gold pieces.

Inventory:

Hand Weapons
 q - a +0 flail (weapon)
Missiles
 n - 158 tomahawks (quivered)
Armour
 o - a +0 pair of gloves (worn)
Scrolls
 a - a scroll of enchant armour {unknown}
 d - 3 scrolls of remove curse {unknown}
 i - 3 scrolls of identify {unknown}
 k - a scroll of amnesia {unknown}
 p - a scroll of magic mapping {unknown}
 s - a scroll of fear {unknown}
Potions
 b - a potion of magic
 c - a potion of invisibility
 f - a potion of brilliance {unknown}
 g - a potion of lignification {unknown}
 h - 3 potions of curing {unknown}
 j - 2 potions of heal wounds {unknown}
 l - a potion of agility {unknown}
 r - a potion of flight {unknown}
Comestibles
 e - 2 rations {!d}


   Skills:
 - Level 1.7 Dodging
 - Level 2.0 Stealth
 - Level 2.0 Spellcasting
 + Level 6.0 Conjurations


You had 4 spell levels left.
You knew the following spells:

 Your Spells              Type           Power        Failure   Level  Hunger
a - Magic Dart            Conj           ###.         1%          1    #......
b - Searing Ray           Conj           ###.....     2%          2    ###....

Your spell library contained the following spells:

 Spells                   Type           Power        Failure   Level  Hunger
 Iskenderun's Mystic Bla  Conj           ###.....     5%          3    ###....
 Fulminant Prism          Conj/Hex       ##........   52%         4    #####..
 Irradiate                Conj/Tmut      ##........   86%         5    ######.


Dungeon Overview and Level Annotations

Branches:
Dungeon (3/12)

Altars:
Ashenzari
Trog
The Shining One


Innate Abilities, Weirdness & Mutations

Your plain brown scales are hard. (AC +5)
You cannot fit into any form of body armour.
You are cold-blooded and may be slowed by cold attacks.


Message History

The magic dart hits the orc priest but does no damage.
The orc priest is heavily wounded.
Casting: Magic Dart (safe; 1% risk of failure)
Confirm with . or Enter, or press ? or * to list all spells.
Aiming: Magic Dart (safe; 1% risk of failure)
Press: ? - help, Shift-Dir - straight line, f/p - orc priest
Aim: an orc priest, wearing a +0 ring mail (heavily wounded)
The magic dart hits the orc priest.
The orc priest is severely wounded.
The orc priest closely misses you.
It was a potion of invisibility.
You fade into invisibility!
The orc priest closely misses you.
You are very lightly contaminated with residual magic.
You barely miss the orc priest.
The orc priest is severely wounded.
The orc priest closely misses you.
The orc priest calls down the wrath of Beogh upon you.
Pain shoots through your body!
You die...

### ### #.######.#
#.#...<..#
#########.#.####.#
#.))......#.####.# .
#@#######+#.#..#.# ...####
#o####......#..#.#
.......##o..##...........#
#..............).........
#......_$................
#.............##+#..###..
#.###....8.......#....#..
# ###............#....#.#
........._.....#....#.#


You could see an orc priest and an orc.

Vanquished Creatures
  An orc priest (D:3)
  An ooze (D:2)
  A worm (D:3)
  4 dart slugs
  5 leopard geckos
  3 orcs
  8 hobgoblins
  A quokka (D:2)
  2 ball pythons (D:1)
  3 bats
  3 frilled lizards
  7 goblins
  4 kobolds
  4 rats
47 creatures vanquished.

Notes
Turn   | Place    | Note
-------+----------+-------------------------------------------
     0 | D:1      | IcyTea the Draconian Conjurer began the quest for the Orb.
     0 | D:1      | Reached XP level 1. HP: 14/14 MP: 3/3
   424 | D:1      | Reached XP level 2. HP: 17/20 MP: 5/5
   428 | D:1      | Learned a level 2 spell: Searing Ray
  1558 | D:1      | Reached skill level 5 in Conjurations
  1572 | D:1      | Reached XP level 3. HP: 22/26 MP: 2/6
  2204 | D:2      | Found a bloodstained altar of Trog.
  2632 | D:3      | Found a glowing golden altar of the Shining One.
  2638 | D:3      | Found a shattered altar of Ashenzari.
  2854 | D:3      | Reached XP level 4. HP: 8/33 MP: 4/7
  2858 | D:3      | Reached skill level 6 in Conjurations
  3101 | D:3      | Killed from afar by an orc priest

Skill      XL: |  1  2  3  4 |
---------------+-------------+-----
Conjurations   | 5 6 |  6.0
Dodging        | |  1.7
Stealth        | |  2.0
Spellcasting   | |  2.0

Action                   |  1- 3 |  4- 6 || total
-------------------------+-------+-------++-------
Melee: Dagger            |    48 |       ||    48
       Hand axe          |   117 |     2 ||   119
       Tailslap          |    19 |       ||    19
       Flail             |       |     2 ||     2
 Cast: Magic Dart        |    53 |     8 ||    61
       Searing Ray       |     1 |       ||     1
  Use: Potion            |       |     1 ||     1
 Stab: Sleeping          |     4 |       ||     4
  Eat: Chunk             |     6 |       ||     6
       Ration            |     1 |       ||     1
Armor: Skin              |    25 |     1 ||    26
Dodge: Dodged            |    76 |     7 ||    83
